 Dungeon Crawl Stone Soup version 0.22.1-1-ga44c0e56f4 (webtiles) character file.

767 KamiKatze the Spear-Bearer (level 7, 0/81 HPs)
             Began as a Merfolk Gladiator on Nov 7, 2018.
             Slain by Menkaure (9 damage)
             ... on level 5 of the Dungeon.
             The game lasted 00:19:08 (4141 turns).

KamiKatze the Spear-Bearer (Merfolk Gladiator)      Turns: 4141, Time: 00:19:09

Health: 0/81       AC: 23    Str: 16    XL:     7   Next: 82%
Magic:  7/7        EV:  2    Int:  7    God:
Gold:   154        SH:  0    Dex: 18    Spells: 6/6 levels left

rFire    . . .     SeeInvis .   a - +1 trident
rCold    . . .     Gourm    .   (no shield)
rNeg     + + +     Faith    .   (armour currently unavailable)
rPois    +         Spirit   .   (helmet currently unavailable)
rElec    .         Reflect  .   (cloak currently unavailable)
rCorr    .         Harm     .   (gloves currently unavailable)
MR       +....     NoTele   +   (boots currently unavailable)
Stlth    ++........             (no amulet)
HPRegen  0.23/turn              n - ring of protection from magic
MPRegen  0.10/turn              (no ring)

@: tree-form, hasted, very quick
A: (change form in water), (swift swim), (stealthy swim), agile 1
a: no special abilities


You were on level 5 of the Dungeon.
You were not hungry.
You were a tree.
You visited 1 branch of the dungeon, and saw 5 of its levels.

You collected 164 gold pieces.
You spent 10 gold pieces at shops.

Inventory:

Hand Weapons
 a - a +1 trident (weapon)
 b - a +1 battleaxe of chopping
 h - a +2 scythe of protection
Missiles
 d - 3 throwing nets
 k - 144 stones (quivered)
 q - 8 poisoned needles
Armour
 c - a +1 helmet (melded)
 g - a +1 ring mail of fire resistance (melded)
 t - a +1 cloak (melded)
Magical Staves
 o - an uncursed staff of power {unknown}
Jewellery
 n - a ring of protection from magic (left branch)
Scrolls
 e - a scroll of fear
 i - 3 scrolls of remove curse
 r - a scroll of fog
Potions
 j - a potion of resistance
 m - 4 potions of cancellation
Comestibles
 f - 10 rations
 u - 8 chunks of flesh


   Skills:
 + Level 4.3 Fighting
 * Level 8.2 Polearms
 + Level 3.8 Throwing
 + Level 2.3 Armour
 + Level 6.0 Dodging


You had 6 spell levels left.
You didn't know any spells.
Your spell library was empty.

Dungeon Overview and Level Annotations

Branches:
Dungeon (5/15)
 Temple: D:4-7

Altars:

Shops:
D:4 !   D:5 !

Annotations:
D:5 Menkaure


Innate Abilities, Weirdness & Mutations

((You revert to your normal form in water.))
((You are very nimble and swift while swimming.))
((You are very stealthy in the water. (Stealth+)))
((You are partially covered in slimy green scales. (AC +2)))
You are agile. (Dex +2)
((Your system is resistant to poisons. (rPois)))


Message History

Aim: Menkaure (fast)
You reach to attack!
You puncture Menkaure!
Menkaure is moderately damaged.
Attack whom?
Press: ? - help, Dir - move target cursor, f/p - Menkaure
Aim: Menkaure (moderately damaged, fast)
You hit Menkaure.
Menkaure is heavily damaged.
Menkaure grins.
Menkaure hits you but does no damage.
You are too injured to fight recklessly!
You are too injured to fight recklessly!
The centaur shouts!
You hit Menkaure.
Menkaure is heavily damaged.
You hit Menkaure.
Menkaure is severely damaged.
The centaur shoots an arrow.
The arrow hits you but does no damage. Menkaure hits you!
You die...

....#######........(....#
....# #>..........c....
....# ##.............(.
....# #...............
....# ###...............
## #'###
...#............... ##.
..# #.................
#.. .## #...............
#?( ## #..♣....a....# #.(
# #..M........# ( #
##.(.(......# #
#........#.# #
##....s..#..#### #
#.h.#...# ....# ##
####..S.## #..# .##
##.....###..## ..#
#.......a....###


You could see Menkaure, a centaur, a scorpion, a hound (fleeing), a worker ant
(fleeing) and an adder (fleeing).

Vanquished Creatures
  A hippogriff (D:3)
  Sigmund (D:4)
  A phantom (D:4)
  Blork the orc (D:4)
  A crimson imp (D:5)
  2 jellies
  An orc priest (D:3)
  Crazy Yiuf (D:4)
  2 adders
  An ooze (D:2)
  3 worms
  2 dart slugs
  4 leopard geckos
  8 orcs
  7 goblins
  10 hobgoblins
  14 jackals
  6 bats
  3 frilled lizards
  7 kobolds
  3 rats
79 creatures vanquished.

Notes
Turn   | Place    | Note
-------+----------+-------------------------------------------
     0 | D:1      | KamiKatze the Merfolk Gladiator began the quest for the
                  | Orb.
     0 | D:1      | Reached XP level 1. HP: 16/16 MP: 1/1
   253 | D:1      | Reached XP level 2. HP: 16/22 MP: 2/2
   430 | D:1      | Reached skill level 5 in Polearms
   744 | D:2      | Reached XP level 3. HP: 28/28 MP: 3/3
  1154 | D:2      | Reached XP level 4. HP: 34/34 MP: 4/4
  1848 | D:3      | Reached skill level 1 in Armour
  1928 | D:3      | Reached XP level 5. HP: 9/41 MP: 5/5
  2201 | D:3      | Found a faded altar of an unknown god.
  2338 | D:3      | Noticed a hippogriff
  2395 | D:3      | Killed a hippogriff
  2395 | D:3      | Reached skill level 6 in Polearms
  2395 | D:3      | Reached skill level 5 in Dodging
  2395 | D:3      | Reached XP level 6. HP: 42/47 MP: 6/6
  2661 | D:4      | Noticed Sigmund
  2662 | D:4      | Noticed a phantom
  2931 | D:4      | Noticed Blork the orc
  3063 | D:4      | HP: 2/47 [Blork the orc/battleaxe of chopping (2)]
  3068 | D:4      | Gained mutation: You are agile. (Dex +2) [potion of
                  | mutation]
  3068 | D:4      | Gained mutation: Your system is resistant to poisons.
                  | (rPois) [potion of mutation]
  3068 | D:4      | Gained mutation: You are partially covered in slimy green
                  | scales. (AC +2) [potion of mutation]
  3072 | D:4      | HP: 2/70 [Blork the orc/magic dart (2)]
  3074 | D:4      | Killed Blork the orc
  3074 | D:4      | Reached skill level 7 in Polearms
  3394 | D:4      | Killed Sigmund
  3394 | D:4      | Reached XP level 7. HP: 54/54 MP: 7/7
  3494 | D:4      | Found Nanoch's Distillery.
  3499 | D:4      | Bought a potion of degeneration for 10 gold pieces
  3683 | D:4      | Found a runed door.
  3687 | D:4      | Noticed Crazy Yiuf
  3698 | D:4      | Killed Crazy Yiuf
  3698 | D:4      | Reached skill level 8 in Polearms
  3777 | D:5      | Entered Level 5 of the Dungeon
  3829 | D:5      | Found Imuozel's Distillery.
  4109 | D:5      | Noticed Menkaure
  4141 | D:5      | Slain by Menkaure

Skill      XL: |  1  2  3  4  5  6  7 |
---------------+----------------------+-----
Polearms       | 5 6 7 8 |  8.2
Armour         | 1 2 |  2.3
Fighting       | 3 4 |  4.3
Throwing       | 3 |  3.8
Dodging        | 5 6 |  6.0

Action                   |  1- 3 |  4- 6 |  7- 9 || total
-------------------------+-------+-------+-------++-------
Melee: Trident           |   120 |   139 |    56 ||   315
       Tailslap          |       |     1 |       ||     1
Throw: Stone             |    12 |     8 |       ||    20
  Use: Scroll            |       |     7 |     3 ||    10
       Potion            |       |     5 |     2 ||     7
  Eat: Chunk             |     1 |     6 |     1 ||     8
       Ration            |       |       |     1 ||     1
Armor: Leather armour    |     3 |       |       ||     3
       Scale mail        |    11 |       |       ||    11
       Ring mail         |    25 |    36 |    12 ||    73
       Skin              |       |    11 |     9 ||    20
Dodge: Dodged            |    83 |    73 |    46 ||   202
